 Dungeon Crawl Stone Soup version 0.28-a0-687-gb91baff9cc (webtiles) character file.

Game seed: 13937241953212231090

5078 lunkers the Thaumaturge (level 10, -6/78 HPs)
             Began as a Djinni Cinder Acolyte on Oct 19, 2021.
             Was a High Priest of Ignis.
             Killed by divine providence
             ... invoked by an orc priest
              (16 damage)
             ... on level 9 of the Dungeon.
             The game lasted 00:19:35 (12392 turns).

lunkers the Thaumaturge (Djinni Cinder Acolyte)    Turns: 12392, Time: 00:19:35

Health: -6/78      AC:  6    Str: 13    XL:     10   Next: 86%
Gold:   421        EV: 14    Int: 26    God:    Ignis [*****.] SH:  0 Dex:  8

rFire   + + +      SeeInvis .   a - staff of fire
rCold   x . .      Faith    .   (no shield)
rNeg    . . .      Spirit   .   d - +1 leather armour {Will+}
rPois   ∞          Reflect  .   g - +0 helmet
rElec   .          Harm     .   u - +0 cloak
rCorr   .          Rampage  .   (no gloves)
Will    ++...                   (boots unavailable)
Stlth   +.........              B - amulet of the acrobat
HPRegen 0.23/turn               e - +4 ring of evasion
MPRegen 0.00/turn               w - +6 ring of intelligence

@: flying
A: sickness immunity, fire resistance 2, cold vulnerability 1, float, innate
caster, hp casting, extra vitality 1
a: Renounce Religion, Sea of Fire, Foxfire Swarm, Rising Flame


You were on level 9 of the Dungeon.
You worshipped Ignis.
Ignis was extremely pleased with you.
You visited 1 branch of the dungeon, and saw 9 of its levels.

You collected 421 gold pieces.

Inventory:

Hand Weapons
 i - a +0 dagger of freezing
 k - a +3 dagger of venom
 t - a +4 quarterstaff of chaos
Missiles
 D - 3 throwing nets
Armour
 d - a +1 leather armour of willpower (worn)
 g - a +0 helmet (worn)
 u - a +0 cloak (worn)
 C - +0 steam dragon scales
Magical Staves
 a - a staff of fire (weapon)
 q - a staff of air
Jewellery
 e - a +4 ring of evasion (left hand)
 j - a ring of wizardry
 w - a +6 ring of intelligence (right hand)
 B - an amulet of the acrobat (around neck)
 E - a ring of see invisible
Wands
 r - a wand of flame (38)
 A - a wand of iceblast (8)
Scrolls
 m - 2 scrolls of brand weapon
 o - 4 scrolls of teleportation
Potions
 b - 2 potions of cancellation
 c - 2 potions of lignification
 f - 2 potions of resistance
 h - 5 potions of heal wounds
 l - a potion of mutation
 n - 2 potions of attraction
 p - a potion of haste {unknown}
 s - 4 potions of curing
 v - a potion of degeneration {unknown}
 x - a potion of might {unknown}
 y - a potion of flight
 z - a potion of berserk rage {unknown}


   Skills:
 + Level 9.4 Fighting
 - Level 2.6 Short Blades
 * Level 10.0 Spellcasting


You had 17 spell levels left.
You knew the following spells:

 Your Spells              Type           Power      Damage    Failure   Level
a - Pain                  Necr           100%       1d9       1%          1
b - Wereblood             Tmut           60%        N/A       1%          2
c - Conjure Flame         Conj/Fire      78%        6-21      1%          3
d - Petrify               Tmut/Erth      60%        N/A       1%          4
p - Scorch                Fire           100%       2d10      1%          2
Your spell library was empty.

Dungeon Overview and Level Annotations

Branches:
Dungeon (9/15)             Temple (0/1) D:6
   Lair: D:8-11         Orc: D:9-12

Altars:
Ashenzari
Dithmenos
Elyvilon
Fedhas
Gozag
Hepliaklqana
Kikubaaqudgha
Uskayaw
Xom
Zin


Innate Abilities, Weirdness & Mutations

You are immune to sickness and miasma.
You are immune to poison.
Your flesh is very heat resistant. (rF++)
You are vulnerable to cold. (rC-)
You float through the air rather than walking.
You learn spells naturally, not from books.
Your magical power is your life essence.
You have superior vitality. (+4 HP)


Message History

* * * LOW HITPOINT WARNING * * *
A gnoll comes into view. It is wielding a +0 flail. x2
Casting: Scorch (safe; 1% risk of failure)
Press: ? - help, Q - select action, (/) - cycle Dir - look around, f - activate You feel a surge of power!
Flames lash the wight.
The wight is severely damaged.
The wight's fire resistance burns away.
* * * LOW HITPOINT WARNING * * *
The orc priest invokes the aid of Beogh against you.
Beogh smites you!
* * * LOW HITPOINT WARNING * * *
Unknown command.
Casting: Scorch (safe; 1% risk of failure)
Press: ? - help, Q - select action, (/) - cycle Dir - look around, f - activate You feel a surge of power!
Flames lash the wight.
The wight is burned terribly!
You destroy the wight!
* * * LOW HITPOINT WARNING * * *
You hear a shout!
The orc priest invokes the aid of Beogh against you.
Beogh smites you!
* * * LOW HITPOINT WARNING * * *
Casting: Scorch (safe; 1% risk of failure)
Press: ? - help, Q - select action, (/) - cycle Dir - look around, f - activate You feel a surge of power!
Flames lash the orc priest.
The orc priest is lightly wounded.
The orc priest's fire resistance burns away.
* * * LOW HITPOINT WARNING * * *
You hear a shout!
A gnoll comes into view. It is wielding a +0 whip.
Unknown command.
Casting: Scorch (safe; 1% risk of failure)
Press: ? - help, Q - select action, (/) - cycle Dir - look around, f - activate You feel a surge of power!
Flames lash the orc priest.
The orc priest is burned terribly!
The orc priest is almost dead.
* * * LOW HITPOINT WARNING * * *
The orc priest is no longer more vulnerable to fire.
The orc priest calls down the wrath of Beogh upon you.
Beogh smites you!
You die...

#.# #.# #.. #.###.# ######
############.. ....#.# ##....#
#............. ....#.#
#.....#####..........##.
....#.####.........#..........##.
....#.<......#.....#.............
....#.)......#...................
.................................
..###...........@o)g..g..........
..# #.........#+###g.z...........
### #.........# #.............. #
#.........+ #....##........
#####.........# #....##........
.....>........ ......##........
##.##.##.... .......###..z....
##....# ######### ####....
####..# #....


You could see a wight, an orc priest and 3 gnolls.

Vanquished Creatures
  Harold (D:8)
  A manticore (D:8)
  Maurice (D:8)
  Joseph (D:9)
  Grinder (D:3)
  Sigmund (D:3)
  A wraith (D:6)
  A steam dragon (D:8)
  An orc warrior (D:9)
  A sky beast (D:8)
  Purgy (D:4)
  3 ogres
  A phantom (D:5)
  3 centaurs
  A kobold brigand (D:9)
  Blork the orc (D:4)
  A bullfrog (D:7)
  4 scorpions
  A wyvern zombie (D:6)
  A water moccasin zombie (D:7)
  3 killer bees (D:9)
  A wight (D:9)
  A howler monkey (D:6)
  2 centaur zombies
  Crazy Yiuf (D:5)
  3 jellies
  A bullfrog skeleton (D:5)
  2 gnoll shamans
  5 orc priests
  Jessica (D:2)
  Ijyb (D:5)
  6 iguanas
  9 orc wizards
  Natasha (thrice) (D:4)
  A killer bee zombie (D:6)
  Robin (D:3)
  7 gnolls
  5 adders
  3 shadow imps
  A white imp (D:7)
  2 worms (D:3)
  3 dart slugs
  21 orcs
  8 ball pythons
  14 endoplasms
  7 giant cockroaches
  16 goblins
  10 hobgoblins
  3 jackals (D:4)
  24 kobolds
  A quokka (D:1)
  5 bats
  2 frilled lizards
  6 rats
206 creatures vanquished.

Vanquished Creatures (others)
  2 fungi
  A plant (D:9)
  8 toadstools (D:4)
11 creatures vanquished.

Grand Total: 217 creatures vanquished

Notes
Turn   | Place    | Note
-------+----------+-------------------------------------------
     0 | D:1      | lunkers the Djinni Cinder Acolyte began the quest for the
                  | Orb.
     0 | D:1      | Reached XP level 1. HP: 20/20 MP: 0/0
   218 | D:1      | Reached XP level 2. HP: 23/25 MP: 0/0
   780 | D:1      | Reached XP level 3. HP: 16/30 MP: 0/0
   780 | D:1      | Learned a level 1 spell: Pain
   974 | D:1      | Reached skill level 3 in Spellcasting
  1869 | D:2      | Noticed Jessica
  1874 | D:2      | Killed Jessica
  1875 | D:2      | Reached XP level 4. HP: 22/37 MP: 0/0
  3000 | D:3      | Reached XP level 5. HP: 39/41 MP: 0/0
  3000 | D:3      | Learned a level 2 spell: Wereblood
  3000 | D:3      | Noticed Grinder
  3018 | D:3      | Killed Grinder
  3019 | D:3      | Reached skill level 4 in Spellcasting
  3019 | D:3      | Reached XP level 6. HP: 30/48 MP: 0/0
  3188 | D:3      | Noticed Robin
  3211 | D:3      | Killed Robin
  3397 | D:3      | Found a blossoming altar of Fedhas.
  3648 | D:3      | Noticed Sigmund
  3654 | D:3      | Reached XP level 7. HP: 12/53 MP: 0/0
  3654 | D:3      | Learned a level 3 spell: Conjure Flame
  3656 | D:3      | HP: 2/53 [Sigmund/magic dart (5)]
  4199 | D:3      | Killed Sigmund
  4200 | D:3      | Reached skill level 5 in Fighting
  4200 | D:3      | Reached skill level 5 in Spellcasting
  4412 | D:4      | Noticed Natasha
  4414 | D:4      | Killed Natasha
  4676 | D:4      | Noticed Blork the orc
  4680 | D:4      | Killed Blork the orc
  4814 | D:4      | Reached XP level 8. HP: 33/60 MP: 0/0
  5048 | D:4      | Found a broken altar of Ashenzari.
  5070 | D:4      | Noticed Purgy
  5100 | D:4      | Killed Purgy
  5101 | D:4      | Reached skill level 6 in Spellcasting
  5286 | D:4      | Noticed Natasha
  5290 | D:4      | Killed Natasha
  6134 | D:4      | Noticed Natasha
  6139 | D:4      | Killed Natasha
  6284 | D:5      | Entered Level 5 of the Dungeon
  6795 | D:5      | Reached skill level 7 in Spellcasting
  6795 | D:5      | Reached XP level 9. HP: 29/67 MP: 0/0
  6795 | D:5      | Learned a level 4 spell: Petrify
  7430 | D:5      | Noticed Ijyb
  7438 | D:5      | Killed Ijyb
  7690 | D:5      | Found a glowing silver altar of Zin.
  7690 | D:5      | Found an opulent altar of Gozag.
  7889 | D:5      | Found a runed translucent door.
  7890 | D:5      | Noticed Crazy Yiuf
  8093 | D:5      | Killed Crazy Yiuf
  8401 | D:6      | Found a white marble altar of Elyvilon.
  8532 | D:6      | Found a shimmering altar of Xom.
  8533 | D:6      | Found a hazy altar of Hepliaklqana.
  8534 | D:6      | Noticed a spectral ugly thing
  8668 | D:6      | Found a staircase to the Ecumenical Temple.
  8788 | D:6      | Reached skill level 8 in Spellcasting
 10169 | D:8      | Reached XP level 10. HP: 52/76 MP: 0/0
 10202 | D:8      | Noticed a manticore
 10214 | D:8      | Found a shadowy altar of Dithmenos.
 10613 | D:8      | Killed a manticore
 10614 | D:8      | Reached skill level 9 in Spellcasting
 10757 | D:8      | Noticed Maurice
 10768 | D:8      | Killed Maurice
 10951 | D:8      | Noticed Harold
 10957 | D:8      | Killed Harold
 11538 | D:9      | Found a hide-covered altar of Uskayaw.
 12074 | D:9      | Noticed Joseph
 12091 | D:9      | Killed Joseph
 12363 | D:9      | Reached skill level 10 in Spellcasting
 12392 | D:9      | Killed from afar by an orc priest

Illustrated notes

Levels and vault maps discovered:
D:1:      matt_arrival_los_fun, layout_basic, chequers_serial_rivers_room_b
D:2:      layout_basic, hangedman_decor_opposing, st_stairs_9, uniq_jessica
D:3:      layout_basic, mainiacjoe_overflow_surrounded_room, corner_web_ring,
          minmay_liquid_box, uniq_sigmund, uniq_robin, uniq_grinder
D:4:      cheibrodos_fertilizer, layout_loops_ring, mainiacjoe_overflow_catwalk,
          st_stairs_8, dk_noncrumbling_2, minmay_bisected, uniq_blork_the_orc,
          uniq_natasha, uniq_purgy
D:5:      layout_basic, grunt_temple_overflow_gold_and_silver,
          wad_floor_pattern_untrapped, uniq_ijyb, uniq_crazy_yiuf_cottage
D:6:      kennysheep_big_flooded_room, layout_basic,
          regret_index_temple_of_mockery, mainiacjoe_overflow_six_doors_small,
          kiku_gazebo_garden_becter, minmay_temple_entry_offerings
D:7:      layout_basic, kennysheep_nub, chequers_serial_rivers_large_b
D:8:      layout_loops_ring, mainiacjoe_overflow_paths, uniq_maurice,
          uniq_harold
D:9:      layout_basic, nicolae_uskayaw_dance_studio, david_lair_generic,
          erik_orc_3, serial_glass, glass_columns_a, glass_columns_b,
          hangedman_abyss_or_decor_stagger, uniq_joseph

Skill      XL: |  1  2  3  4  5  6  7  8  9 10 |
---------------+-------------------------------+-----
Spellcasting   | 3 4 5 7 8 10 | 10.0
Fighting       | 4 5 6 8 9 |  9.4
Short Blades   | |  2.6

Action                   |  1- 3 |  4- 6 |  7- 9 | 10-12 || total
-------------------------+-------+-------+-------+-------++-------
Melee: Short sword       |    27 |       |       |       ||    27
       Dagger            |     1 |     1 |       |       ||     2
 Cast: Scorch            |    36 |    50 |   213 |    82 ||   381
       Pain              |       |    20 |     4 |       ||    24
       Petrify           |       |       |       |     1 ||     1
Evoke: Wand              |       |       |       |     8 ||     8
  Use: Scroll            |     4 |       |    11 |     3 ||    18
Armor: Leather armour    |     9 |     1 |    15 |     2 ||    27
       Robe              |     1 |       |       |       ||     1
Dodge: Dodged            |    14 |    11 |    52 |    25 ||   102

Table legend: (Time is in decaauts)
 A = Elapsed time spent in this place.
 B = Non-inter-level travel time spent in this place.
 C = Inter-level travel time spent in this place.
 D = Time resting spent in this place.
 E = Time spent auto-exploring this place.
 F = Levels seen in this place.
 G = Mean time per level.
                   A        B        C        D        E       F      G
               +--------+--------+--------+--------+--------+-----+--------+
         Total |  12387 |  12164 |    223 |   1819 |   9080 |   9 | 1376.3 |
       Dungeon |  12387 |  12164 |    223 |   1819 |   9080 |   9 | 1376.3 |
               +--------+--------+--------+--------+--------+-----+--------+

Top non-repeatable levels by time:
     D:4: 1983 daAuts
     D:5: 1848 daAuts
     D:3: 1600 daAuts
     D:2: 1562 daAuts
     D:8: 1347 daAuts
     D:1: 1240 daAuts
     D:7: 994 daAuts
     D:9: 910 daAuts
     D:6: 900 daAuts
